 Dungeon Crawl Stone Soup version 0.28.0-53-g5a82cb258f (webtiles) character file.

Game seed: 6781714524549177362

1688 Neuros91 the Chiller (level 9, -9/57 (61) HPs)
             Began as a Human Ice Elementalist on June 16, 2022.
             Was an Initiate of Sif Muna.
             Mangled by a wight
             ... wielding a +4 scimitar
              (10 damage)
             ... on level 7 of the Dungeon on June 22, 2022.
             The game lasted 00:52:57 (8869 turns).

Neuros91 the Chiller (Human Ice Elementalist)       Turns: 8869, Time: 00:52:57

HP:   -9/57 (61)    AC: 10    Str: 10    XL:     9   Next: 22%
MP:   9/13          EV: 14    Int: 19    God:    Sif Muna [......]
Gold: 368           SH:  0    Dex: 13    Spells: 3/14 levels left

rFire   + . .      SeeInvis .   p - +2 dagger (holy)
rCold   + . .      Faith    .   (no shield)
rNeg    + . .      Spirit   .   v - +1 robe {rN+}
rPois   .          Reflect  .   (no helmet)
rElec   .          Harm     .   o - scarf {rC+ rF+}
rCorr   .          Rampage  .   (no gloves)
Will    +....                   (no boots)
Stlth   +++.......              (no amulet)
HPRegen 0.19/turn               h - ring of willpower
MPRegen 0.13/turn               m - ring of wizardry

@: ice-armoured, drained
A: no striking features
a: Renounce Religion


You were on level 7 of the Dungeon.
You worshipped Sif Muna.
Sif Muna was noncommittal.
You visited 2 branches of the dungeon, and saw 8 of its levels.

You collected 368 gold pieces.

Inventory:

Hand Weapons
 p - a +2 dagger of holy wrath (weapon)
 w - a +4 dagger of freezing
Missiles
 d - 14 poisoned darts
 e - a throwing net
Armour
 o - a scarf of resistance (worn)
 v - a +1 robe of positive energy (worn)
Jewellery
 h - a ring of willpower (left hand)
 m - a ring of wizardry (right hand)
 r - a ring of protection from fire
Wands
 k - a wand of charming (7)
 u - a wand of mindburst (12)
Scrolls
 i - 2 scrolls of amnesia
 j - 3 scrolls of teleportation
 n - a scroll of immolation {unknown}
 s - a scroll of magic mapping {unknown}
 t - 3 scrolls of identify
Potions
 a - a potion of heal wounds {unknown}
 b - 3 potions of flight {unknown}
 c - a potion of brilliance
 f - 2 potions of curing {unknown}
 g - 3 potions of mutation
 l - a potion of invisibility {unknown}
 q - a potion of haste {unknown}


   Skills:
 - Level 2.0 Fighting
 - Level 2.0 Short Blades
 + Level 5.8 Dodging
 - Level 5.0 Stealth
 - Level 3.0 Spellcasting
 + Level 4.9 Conjurations
 - Level 7.0 Ice Magic


You had 3 spell levels left.
You knew the following spells:

 Your Spells              Type           Power      Damage    Failure   Level
a - Freeze                Ice            100%       1d11      1%          1
b - Ozocubu's Armour      Ice            29%        N/A       1%          3
c - Frozen Ramparts       Ice            58%        1d7       1%          3
d - Hailstorm             Conj/Ice       25%        3d7       5%          4

Your spell library contained the following spells:

 Spells                   Type           Power      Damage    Failure   Level
 Ensorcelled Hibernation  Hex/Ice        32%        N/A       2%          2
 Animate Skeleton         Necr           4%         N/A       6%          1
 Apportation              Tloc           4%         N/A       6%          1
 Beastly Appendage        Tmut           4%         N/A       6%          1
 Summon Small Mammal      Summ           8%         N/A       6%          1
 Stone Arrow              Conj/Erth      24%        3d8       7%          3
 Passwall                 Tmut/Erth      1%         N/A       9%          2
 Wereblood                Tmut           2%         N/A       9%          2
 Gell's Gravitas          Tloc           2%         N/A       17%         3
 Spider Form              Tmut/Pois      2%         N/A       17%         3
 Summon Guardian Golem    Hex/Summ       2%         N/A       17%         3
 Swiftness                Air            2%         N/A       17%         3
 Teleport Other           Tloc           2%         N/A       17%         3
 Animate Armour           Summ/Erth      4%         N/A       50%         4
 Olgreb's Toxic Radiance  Pois           2%         N/A       50%         4
 Ozocubu's Refrigeration  Ice            14%        4d7       94%         7
 Orb of Destruction       Conj           10%        9d6       99%         7
 Dispersal                Tloc           1%         N/A       100%        6
 Spellforged Servitor     Conj/Summ      6%         N/A       100%        7
 Ignition                 Fire           1%         3d3       100%        8
 Lehudib's Crystal Spear  Conj/Erth      6%         10d3      100%        8


Dungeon Overview and Level Annotations

Branches:
Dungeon (7/15)             Temple (1/1) D:6

Altars:
Ashenzari
Cheibriados
Dithmenos
Elyvilon
Fedhas
Gozag
Hepliaklqana
Kikubaaqudgha
Makhleb
Nemelex Xobeh
Okawaru
Qazlal
Ru
Sif Muna
Trog
Vehumet
Wu Jian
Xom
Yredelemnul
Zin
The Shining One
Beogh

Annotations:
D:3 3 runed translucent doors, Gorgondantess's ghost, amateur PaWr


Message History

The wall freezes the wight.
The wight barely misses you.
You closely miss the wight.
The wight is severely damaged.
The wight resists.
The wall freezes the wight.
The wight completely resists.
The wall freezes the wight but does no damage.
The wight misses you.
You hit the wight but do no damage.
The wight is severely damaged.
The frozen ramparts melt away.
You barely miss the wight.
The wight is severely damaged.
The wight completely misses you.
You barely miss the wight.
The wight is severely damaged.
The wight barely misses you.
You hit the wight.
You destroy the wight!
Sif Muna accepts your kill. The wight hits you with a +4 scimitar!
You partially resist.
You feel drained.
Things that are here:
a +0 long sword; a +0 robe You hit the wight.
The wight convulses.
The wight is severely damaged.
The wight hits you with a +4 scimitar!! You partially resist.
You feel drained.
* * * LOW HITPOINT WARNING * * *
Unknown command.
Casting: Frozen Ramparts (safe; 1% risk of failure)
Confirm with . or Enter, or press ? or * to list all spells.
A film of ice covers your body! The wight hits you with a +4 scimitar!
* * * LOW HITPOINT WARNING * * *
You partially resist.
You feel drained.
You hit the wight but do no damage.
The wight is severely damaged.
The wight hits you with a +4 scimitar!
* * * LOW HITPOINT WARNING * * *
Unknown command.
You hit the wight but do no damage.
The wight is severely damaged.
The wight hits you with a +4 scimitar!
You die...

.# #.. ..# .# #.# #.# # .#
#.# #####.# ###.##. .####.#
#...#.####.......
......#####.......(...z....
#..................z....#
.##########......########
...............#z#
#####.#####<...#@# ####.#[#
#.#.# #.#.# #.#.# ..#..
#.### #.# #.#


You could see a wight.

Vanquished Creatures
  A water moccasin (D:7)
  A sky beast (D:7)
  A necrophage (D:3)
  An ogre (D:6)
  A centaur (D:6)
  A phantom (D:5)
  A bullfrog (D:3)
  A wyvern zombie (D:7)
  3 wights (D:7)
  3 bullfrog zombies (D:5)
  2 hounds
  2 jellies
  4 orc priests
  A bullfrog skeleton (D:5)
  A centaur skeleton (D:6)
  4 iguanas
  8 orc wizards
  A killer bee zombie (D:6)
  7 adders
  3 gnolls (D:5)
  A shadow imp (D:3)
  A white imp (D:5)
  2 adder zombies (D:5)
  2 worms (D:3)
  3 dart slugs (D:2)
  11 orcs
  8 ball pythons
  8 bats
  4 endoplasms
  3 giant cockroaches
  6 goblins
  5 hobgoblins
  4 jackals (D:3)
  A quokka (D:1)
  3 frilled lizards
  8 kobolds
  8 rats
125 creatures vanquished.

Vanquished Creatures (others)
  2 orcs (D:6)
  A quokka (D:6)
3 creatures vanquished.

Grand Total: 128 creatures vanquished

Notes
Turn   | Place    | Note
-------+----------+-------------------------------------------
     0 | D:1      | Neuros91 the Human Ice Elementalist began the quest for the
                  | Orb.
     0 | D:1      | Reached XP level 1. HP: 13/13 MP: 3/3
   254 | D:1      | Reached XP level 2. HP: 19/19 MP: 3/5
  1101 | D:1      | Reached XP level 3. HP: 20/24 MP: 6/6
  1105 | D:1      | Learned a level 3 spell: Ozocubu's Armour
  1500 | D:2      | Reached skill level 5 in Ice Magic
  1850 | D:2      | Reached XP level 4. HP: 30/30 MP: 5/7
  2377 | D:3      | Learned a level 3 spell: Frozen Ramparts
  2430 | D:3      | Noticed a necrophage
  3459 | D:3      | Killed a necrophage
  3460 | D:3      | Reached skill level 6 in Ice Magic
  3460 | D:3      | Reached XP level 5. HP: 26/35 MP: 3/8
  3880 | D:3      | Found a runed translucent gate.
  3880 | D:3      | Found a runed translucent gate.
  3880 | D:3      | Found a runed translucent gate.
  3886 | D:3      | Noticed Gorgondantess's ghost (amateur PaWr)
  3886 | D:3      | Identified the +0 dagger "Poduixom" {elec, rF+ rC- Dex+2}
  3967 | D:3      | Reached XP level 6. HP: 41/41 MP: 9/9
  4378 | D:3      | Reached skill level 1 in Fighting
  4378 | D:3      | Reached skill level 1 in Short Blades
  5093 | D:4      | Reached XP level 7. HP: 12/48 MP: 6/10
  5096 | D:4      | Reached skill level 7 in Ice Magic
  5356 | D:4      | Learned a level 4 spell: Hailstorm
  5379 | D:5      | Entered Level 5 of the Dungeon
  5419 | D:5      | Found a glowing silver altar of Zin.
  5728 | D:5      | Reached skill level 1 in Conjurations
  6301 | D:5      | Reached XP level 8. HP: 35/56 MP: 6/12
  6656 | D:5      | Found a snail-covered altar of Cheibriados.
  7544 | D:6      | Found a staircase to the Ecumenical Temple.
  7602 | Temple   | Entered the Ecumenical Temple
  7714 | Temple   | Became a worshipper of Sif Muna the Loreminder
  8128 | D:6      | Found a white marble altar of Elyvilon.
  8297 | D:7      | Reached skill level 5 in Dodging
  8297 | D:7      | Reached XP level 9. HP: 61/61 MP: 6/13
  8358 | D:7      | Reached skill level 5 in Stealth
  8868 | D:7      | HP: 1/57 [wight/+4 scimitar (9)]
  8869 | D:7      | Mangled by a wight

Illustrated notes

Levels and vault maps discovered:
D:1:      dpeg_arrival_court, layout_basic
D:2:      layout_rooms, kennysheep_generic_room_10
D:3:      layout_loops_ring, biasface_ghost_orc_armoury, minmay_close_crescents
D:4:      layout_gridville, nicolae_uskayaw_suspiria,
          minmay_a_box_with_orc_wizards_in_it, uniq_natasha
D:5:      layout_rooms, mainiacjoe_overflow_brackets,
          lemuel_coloured_pillars_altar, serial_rivers,
          chequers_serial_rivers_micro_d, chequers_serial_rivers_small_3,
          chequers_serial_rivers_marsh, chequers_serial_rivers_small_3
D:6:      layout_rooms, elyvilon_altar_4, minmay_temple_entry_proselytizer
D:7:      layout_loops_ring
Temple:   compressed_dpeg_circular_temple

Skill      XL: |  1  2  3  4  5  6  7  8  9 |
---------------+----------------------------+-----
Ice Magic      | 5 6 7 |  7.0
Fighting       | 1 2 |  2.0
Short Blades   | 1 2 |  2.0
Dodging        | 3 5 |  5.8
Spellcasting   | 3 |  3.0
Conjurations   | 1 4 |  4.9
Stealth        | 4 5 |  5.0

Action                   |  1- 3 |  4- 6 |  7- 9 || total
-------------------------+-------+-------+-------++-------
Melee: Mace              |    24 |    16 |       ||    40
       Dagger            |       |    77 |   219 ||   296
       Punch             |       |       |     1 ||     1
Throw: Dart              |       |     1 |       ||     1
 Cast: Freeze            |    36 |    30 |    13 ||    79
       Ozocubu's Armour  |     1 |       |    25 ||    26
       Frozen Ramparts   |       |     9 |    28 ||    37
  Use: Scroll            |     2 |     4 |     3 ||     9
       Potion            |     1 |       |       ||     1
 Stab: Sleeping          |     3 |     2 |     2 ||     7
Armor: Robe              |    29 |    22 |    85 ||   136
Dodge: Dodged            |    59 |    67 |   142 ||   268
